 Dungeon Crawl Stone Soup version 0.27-a0-1065-ge809cff456 (webtiles) character file.

Game seed: 16862379323960584015

71 kae the Ruffian (level 4, 0/30 HPs)
             Began as a Demonspawn Gladiator on Apr 23, 2021.
             Was an Initiate of Hepliaklqana.
             Slain by Terence
             ... wielding a +0 mace
              (4 damage)
             ... on level 2 of the Dungeon.
             The game lasted 00:01:53 (3226 turns).

kae the Ruffian (Demonspawn Gladiator)              Turns: 3226, Time: 00:01:54

Health: 0/30       AC:  4    Str: 15    XL:     4   Next: 5%
Magic:  4/4        EV: 12    Int: 10    God:    Hepliaklqana [......]
Gold:   59         SH:  6    Dex: 14    Spells: 3/3 levels left

rFire    . . .     SeeInvis .     - Unarmed
rCold    . . .     Faith    .   (no shield)
rNeg     . . .     Spirit   .   a - +0 leather armour
rPois    .         Reflect  .   b - +0 helmet
rElec    .         Harm     .   (no cloak)
rCorr    .         Rampage  .   (no gloves)
Will     .....                  (no boots)
Stlth    +.........             (no amulet)
HPRegen  0.10/turn              (no ring)
MPRegen  0.09/turn              (no ring)

@: no status effects
A: reduced essence, large bone plates 2, powered by pain 1
a: Renounce Religion, Recall Ancestor, Ancestor Identity


You were on level 2 of the Dungeon.
You worshipped Hepliaklqana.
Hepliaklqana was noncommittal.
You visited 1 branch of the dungeon, and saw 2 of its levels.

You collected 59 gold pieces.

Inventory:

Missiles
 c - 3 throwing nets (quivered)
Armour
 a - a +0 leather armour (worn)
 b - a +0 helmet (worn)
Scrolls
 d - a scroll of fog {unknown}
 e - a scroll of identify {unknown}
 f - a scroll of amnesia {unknown}
 g - a scroll of acquirement {unknown}


   Skills:
 + Level 2.7 Fighting
 - Level 1.7 Throwing
 + Level 3.2 Dodging
 * Level 3.7 Unarmed Combat


You had 3 spell levels left.
You didn't know any spells.
Your spell library was empty.

Dungeon Overview and Level Annotations

Branches:
Dungeon (2/15)

Altars:
Hepliaklqana

Annotations:
D:2 Terence


Innate Abilities, Weirdness & Mutations

Your life essence is reduced to manifest your ancestor. (-10% HP)
You are mostly covered in large bone plates. (SH +6)
You sometimes gain a little power by taking damage.


Message History

Terence is lightly wounded.
You block Terence's attack.
You hit Terence but do no damage.
Terence is lightly wounded.
Terence misses you.
You closely miss Terence.
Terence is lightly wounded.
Terence barely misses you.
You hit Terence.
Terence is moderately wounded.
Terence barely misses you.
You completely miss Terence.
Terence is moderately wounded.
You hit Terence.
Terence is moderately wounded.
Terence hits you with a +0 mace.
You hit Terence.
Terence is heavily wounded.
Terence barely misses you.
You hit Terence but do no damage.
Terence is heavily wounded.
Terence hits you with a +0 mace.
You hit Terence but do no damage.
Terence is heavily wounded.
Terence hits you but does no damage.
You hit Terence but do no damage.
Terence is heavily wounded.
Terence barely misses you.
You hit Terence.
Terence is almost dead.
Terence hits you with a +0 mace!
You hit Terence but do no damage.
Terence is almost dead.
Terence says, "You're history."
Terence hits you with a +0 mace!
* * * LOW HITPOINT WARNING * * *
You barely miss Terence.
Terence is almost dead.
Terence hits you with a +0 mace.
You die...

##..###.....##...............##..
##.##.....####..............#...
##.....#..## #....##...#......#.
#..#.####...# #....#########.###.
..#....##.#.###..#..######......R
.......#..#.....###...##...##....
..........##..#.# ##.....##...._.
...............@###..............
.#.....#........@R...............
...#.........#..##............†..
...##.#..........#.........).....
..###.)..........#...............
#...................#.#..........
###[..##........#####.####.......
#..............###.....###......
#...###.......##..##.##..##.....
#..># #.......#.####'####.#.....


You could see the friendly Septima the ancestor and Terence (ally target).

Vanquished Creatures
  Robin (D:1)
  A gnoll (D:1)
  2 bats
  5 endoplasms
  14 goblins
  6 hobgoblins
  3 kobolds
  2 quokkas
  2 ball pythons
  2 frilled lizards (D:1)
  4 rats
42 creatures vanquished.

Vanquished Creatures (collateral kills)
  An endoplasm (D:2)
  A ball python (D:2)
  A frilled lizard (D:2)
3 creatures vanquished.

Vanquished Creatures (others)
  2 ancestors (D:2)
2 creatures vanquished.

Grand Total: 47 creatures vanquished

Notes
Turn   | Place    | Note
-------+----------+-------------------------------------------
     0 | D:1      | kae the Demonspawn Gladiator began the quest for the Orb.
     0 | D:1      | Reached XP level 1. HP: 16/16 MP: 1/1
   194 | D:1      | Found a faded altar of an unknown god.
   324 | D:1      | Gained mutation: You are partially covered in large bone
                  | plates. (SH +4) [demonic ancestry]
   324 | D:1      | Reached XP level 2. HP: 22/22 MP: 2/2
  1146 | D:2      | Gained mutation: You are mostly covered in large bone
                  | plates. (SH +6) [demonic ancestry]
  1146 | D:2      | Reached XP level 3. HP: 12/28 MP: 3/3
  1368 | D:2      | Noticed Robin
  1853 | D:1      | Killed Robin
  2043 | D:2      | Found a hazy altar of Hepliaklqana.
  2177 | D:2      | Became a worshipper of Hepliaklqana the Forgotten
  2188 | D:2      | Noticed Terence
  2909 | D:2      | Gained mutation: You sometimes gain a little power by
                  | taking damage. [demonic ancestry]
  2909 | D:2      | Reached XP level 4. HP: 23/30 MP: 4/4
  3226 | D:2      | Slain by Terence

Illustrated notes

Levels and vault maps discovered:
D:1:      psy_arrival_basics, layout_basic,
          hellmonk_ecumenical_altar_arch_garden, minmay_misc_feat_nine_boxes
D:2:      layout_rooms, basic_altar, interstate_on_off, uniq_robin, uniq_terence

Skill      XL: |  1  2 |
---------------+-------+-----
Unarmed Combat | 3 |  3.7
Dodging        | 3 |  3.2
Fighting       | |  2.7
Throwing       | |  1.7

Action                   |  1- 3 |  4- 6 || total
-------------------------+-------+-------++-------
Melee: Unarmed           |   172 |    22 ||   194
       Punch             |     1 |       ||     1
  Use: Scroll            |     2 |       ||     2
Armor: Leather armour    |    35 |     3 ||    38
Dodge: Dodged            |   109 |     6 ||   115
Block: Other             |    30 |     4 ||    34

Table legend: (Time is in decaauts)
 A = Elapsed time spent in this place.
 B = Non-inter-level travel time spent in this place.
 C = Inter-level travel time spent in this place.
 D = Time resting spent in this place.
 E = Time spent auto-exploring this place.
 F = Levels seen in this place.
 G = Mean time per level.
                   A        B        C        D        E       F      G
               +--------+--------+--------+--------+--------+-----+--------+
         Total |   3223 |   3208 |     15 |   1275 |   1488 |   2 | 1611.5 |
       Dungeon |   3223 |   3208 |     15 |   1275 |   1488 |   2 | 1611.5 |
               +--------+--------+--------+--------+--------+-----+--------+

Top non-repeatable levels by time:
     D:1: 2160 daAuts
     D:2: 1063 daAuts
